 Dungeon Crawl Stone Soup version 0.30-a0-352-g1e81539c98 (webtiles) character file.

Game seed: 6486895158363713512

493 MrRokkomies the Trooper (level 6, 0/55 HPs)
             Began as an Armataur Gladiator on Nov 7, 2022.
             Was a Believer of Lugonu.
             Slain by an orc wizard
             ... wielding a +4 scimitar
              (2 damage)
             ... on level 5 of the Dungeon.
             The game lasted 00:09:26 (4279 turns).

MrRokkomies the Trooper (Armataur Gladiator)        Turns: 4279, Time: 00:09:27

Health: 0/55       AC:  9    Str: 21    XL:     6   Next: 92%
Magic:  7/7        EV:  8    Int:  9    God:    Lugonu [**....]
Gold:   170        SH:  0    Dex: 11    Spells: 5/5 levels left

rFire   . . .      SeeInvis .    h - +2 dagger (venom)
rCold   . . .      Faith    +    (no shield)
rNeg    . . .      Spirit   .    m - +1 scale mail
rPois   .          Reflect  .    o - +2 hat
rElec   .          Harm     .    (no cloak)
rCorr   .          Roll     +    (no gloves)
Will    +....                    (no barding)
Stlth   +.........               l - amulet of faith
HPRegen 0.29/turn                t - ring of willpower
MPRegen 0.10/turn                (no ring)

@: mighty
A: large, rugged brown scales 3, deformed body, armoured tail, roll, long
tongue, awkward tongue
a: Renounce Religion, Depart the Abyss, Banish


You were on level 5 of the Dungeon.
You worshipped Lugonu.
Lugonu was pleased with you.
You visited 1 branch of the dungeon, and saw 5 of its levels.

You collected 170 gold pieces.

Inventory:

Hand Weapons
 a - a +0 quarterstaff
 h - a +2 dagger of venom (weapon)
Missiles
 d - 3 throwing nets
 e - a javelin
 k - 5 poisoned darts (quivered)
Armour
 b - a +0 leather armour
 c - a +0 helmet
 m - a +1 scale mail (worn)
 o - a +2 hat (worn)
Jewellery
 i - an amulet of reflection
 l - an amulet of faith (around neck)
 t - a ring of willpower (left hand)
Scrolls
 n - 2 scrolls of teleportation
 q - a scroll of identify
Potions
 f - a potion of flight
 j - a potion of attraction


   Skills:
 * Level 4.3 Fighting
 - Level 2.6 Staves
 - Level 1.7 Throwing
 + Level 3.2 Armour
 + Level 3.0 Dodging
 + Level 3.2 Stealth
 * Level 2.4 Invocations


You had 5 spell levels left.
You didn't know any spells.
Your spell library contained the following spells:

 Spells                   Type           Power      Damage    Failure   Level
 Necrotise                Necr           0%         1d4       73%         1
 Vampiric Draining        Necr           0%         2d6       97%         3
 Agony                    Necr           0%         N/A       100%        5
 Conjure Ball Lightning   Conj/Air       0%         3x3d6     100%        6
 Discord                  Hex            0%         N/A       100%        8
 Disjunction              Tloc           0%         N/A       100%        8


Dungeon Overview and Level Annotations

Branches:
Dungeon (5/15)             Temple (0/1) D:4

Altars:
Sif Muna
Lugonu

Annotations:
D:3 2 transporters


Innate Abilities, Weirdness & Mutations

You are completely covered in rugged brown scales. (AC +3, +7% HP)
Armour fits poorly on your strangely shaped body.
You have a long armoured tail.
You roll when moving toward enemies. (Rampage)
Your long tongue fully drains potion bottles. (2x potion effects)
Your tongue gives you trouble enunciating. (1.5x scroll delay)


Message History

The puff of flame hits you.
You throw a poisoned dart.
The poisoned dart barely misses the orc wizard.
You hit the orc wizard but do no damage.
You tail-slap the orc wizard.
The orc wizard is lightly wounded.
The orc wizard hits you with a +4 scimitar!
You hit the orc wizard but do no damage.
The orc wizard is poisoned.
The orc wizard is lightly wounded.
The orc wizard hits you with a +4 scimitar!
You hit the orc wizard but do no damage.
The orc wizard looks as sick as possible!
The orc wizard is lightly wounded.
The orc wizard gestures wildly while chanting.
The orc wizard flickers and vanishes!
Deactivating autopickup; reactivate with Ctrl-A.
You completely miss something. Something hits you!
You miss something. Something hits you!
* * * LOW HITPOINT WARNING * * *
Something hits you but does no damage.
An orc comes into view. It is wielding a +0 flail.
Okay, then.
Unknown command.
Unknown command.
Unknown command.
You hear some strange, mumbled words.
Something tries to affect you, but you resist.
A puff of flame appears from out of thin air!
The puff of flame hits you!
* * * LOW HITPOINT WARNING * * *
You slurp down every last drop of the inky potion!
It was a potion of might.
You feel very mighty all of a sudden.
You aren't carrying any items that you can evoke.
As you slowly read the scroll labelled ZIWKAELOLY, it crumbles to dust.
It is a scroll of enchant armour.
Your +0 scale mail glows green for a moment.
Something hits you.
You die...

...#.#... ...##............
...#......................#....
.....................)......#
....###. ......##.......)#..#
....# ...... #........#.(##.
....# .....##...##..(......#
...... #..........(.#..##.#
....... #............#..#
....... #...@.o.....## .#
...... #...........# ..
..........(....# .#
...........?...# .#
......(........#
..##...........# .
#...........# ............#


You could see an orc.

Vanquished Creatures
  A centaur (D:5)
  4 iguanas (D:4)
  An orc wizard (D:5)
  8 adders
  A white imp (D:3)
  An ufetubus (D:4)
  3 worms
  3 dart slugs
  2 orcs
  8 ball pythons
  9 endoplasms
  4 giant cockroaches
  11 goblins
  5 hobgoblins
  8 jackals
  2 quokkas
  8 bats
  2 frilled lizards
  13 kobolds
  5 rats
99 creatures vanquished.

Vanquished Creatures (others)
  6 plants (D:3)
6 creatures vanquished.

Grand Total: 105 creatures vanquished

Notes
Turn   | Place    | Note
-------+----------+-------------------------------------------
     0 | D:1      | MrRokkomies the Armataur Gladiator began the quest for the
                  | Orb.
     0 | D:1      | Reached XP level 1. HP: 18/18 MP: 1/1
    45 | D:1      | Reached skill level 2 in Fighting
   110 | D:1      | Reached XP level 2. HP: 25/25 MP: 2/2
   248 | D:1      | Reached skill level 1 in Stealth
   249 | D:1      | Reached skill level 1 in Armour
   432 | D:1      | Reached XP level 3. HP: 27/32 MP: 3/3
  1155 | D:2      | Reached XP level 4. HP: 36/39 MP: 4/4
  1774 | D:3      | Reached skill level 3 in Fighting
  1945 | D:3      | Found a transporter.
  1978 | D:3      | Found a transporter.
  2186 | D:3      | Found a shimmering blue altar of Sif Muna.
  2305 | D:3      | Found a faded altar of an unknown god.
  2322 | D:3      | Reached XP level 5. HP: 37/48 MP: 5/5
  2345 | D:3      | Prayed at the altar of an unknown god.
  2345 | D:3      | Became a worshipper of Lugonu the Unformed
  2345 | D:3      | Reached * piety under Lugonu
  2345 | D:3      | Reached ** piety under Lugonu
  2883 | D:4      | Found a staircase to the Ecumenical Temple.
  2993 | D:4      | Reached skill level 1 in Invocations
  3463 | D:4      | Reached XP level 6. HP: 55/55 MP: 7/7
  3902 | D:5      | Entered Level 5 of the Dungeon
  4005 | D:5      | Reached skill level 4 in Fighting
  4148 | D:5      | Noticed an ice beast
  4160 | D:5      | Banished an ice beast
  4277 | D:5      | HP: 1/55 [something/puff of flame (9)]
  4279 | D:5      | Slain by an orc wizard

Illustrated notes

Levels and vault maps discovered:
D:1:      dpeg_arrival_rooms_c, layout_basic, serial_rivers,
          chequers_serial_rivers_micro_a, chequers_serial_rivers_micro_d,
          chequers_serial_rivers_micro_b, chequers_serial_rivers_micro_b,
          chequers_serial_rivers_micro_c, chequers_serial_rivers_large_a
D:2:      layout_basic, lemuel_flame_loot_1
D:3:      layout_loops_ring, nicolae_sif_muna_condensation,
          gammafunk_ghost_gnarly_gnolls, nicolae_ecumenical_snake_handling,
          minmay_circle_x
D:4:      dreamdust_elfheim, layout_layer_cave, minmay_temple_entry_junction
D:5:      minmay_chambers_of_fours, layout_basic, mainiacjoe_overflow_alcove_2,
          uniq_pikel

Skill      XL: |  1  2  3  4  5  6 |
---------------+-------------------+-----
Fighting       | 2 3 4 |  4.3
Stealth        | 1 2 3 |  3.2
Armour         | 1 2 3 |  3.2
Invocations    | 1 2 |  2.4
Dodging        | 3 |  3.0
Staves         | |  2.6
Throwing       | |  1.7

Action                   |  1- 3 |  4- 6 || total
-------------------------+-------+-------++-------
Melee: Quarterstaff      |    90 |    10 ||   100
       Tailslap          |    13 |    26 ||    39
       Dagger            |       |   187 ||   187
       Punch             |       |     3 ||     3
Throw: Dart              |       |     6 ||     6
Invok: Banish            |       |     1 ||     1
  Use: Scroll            |     6 |     3 ||     9
       Potion            |       |     4 ||     4
 Stab: Sleeping          |     1 |     2 ||     3
Armor: Leather armour    |    60 |    13 ||    73
       Scale mail        |       |    77 ||    77
Dodge: Dodged            |    69 |    85 ||   154
Block: Other             |       |    28 ||    28

Table legend: (Time is in decaauts)
 A = Elapsed time spent in this place.
 B = Non-inter-level travel time spent in this place.
 C = Inter-level travel time spent in this place.
 D = Time resting spent in this place.
 E = Time spent auto-exploring this place.
 F = Levels seen in this place.
 G = Mean time per level.
                   A        B        C        D        E       F      G
               +--------+--------+--------+--------+--------+-----+--------+
         Total |   4311 |   4133 |    178 |    185 |   3268 |   5 |  862.2 |
       Dungeon |   4311 |   4133 |    178 |    185 |   3268 |   5 |  862.2 |
               +--------+--------+--------+--------+--------+-----+--------+

Top non-repeatable levels by time:
     D:4: 1146 daAuts
     D:1: 1008 daAuts
     D:3: 997 daAuts
     D:2: 782 daAuts
     D:5: 376 daAuts
